 Dungeon Crawl Stone Soup version 0.28-a0-511-gcc94558de3 (webtiles) character file.

Game seed: 2325185167939541981

69 omnomnOMINOUS the Poker (level 4, -4/29 HPs)
             Began as an Octopode Wanderer on Sept 21, 2021.
             Was a Follower of Yredelemnul.
             Slain by an ogre (15 damage)
             ... on level 3 of the Dungeon.
             The game lasted 00:02:32 (1335 turns).

omnomnOMINOUS the Poker (Octopode Wanderer)         Turns: 1335, Time: 00:02:32

Health: -4/29      AC:  1    Str: 11    XL:     4   Next: 20%
Magic:  5/5        EV: 13    Int: 15    God:    Yredelemnul [*.....]
Gold:   19         SH:  0    Dex: 11    Spells: 5/5 levels left

rFire   . . .      SeeInvis .   a - +3 spear
rCold   . . .      Faith    .   (no shield)
rNeg    . . .      Spirit   .   (helmet restricted)
rPois   .          Reflect  .   (no amulet)
rElec   .          Harm     .   (no ring)
rCorr   .          Rampage  .   (no ring)
Will    .....                   (no ring)
Stlth   +++.......              (no ring)
HPRegen 0.09/turn               (no ring)
MPRegen 0.09/turn               (no ring)
                                (no ring)
                                (no ring)

@: no status effects
A: almost no armour, amphibious, 8 rings, camouflage 1, gelatinous body 1,
(nimble swimmer 1), tentacles
a: Renounce Religion, Animate Remains


You were on level 3 of the Dungeon.
You worshipped Yredelemnul.
Yredelemnul was aware of your devotion.
You visited 1 branch of the dungeon, and saw 3 of its levels.

You collected 19 gold pieces.

Inventory:

Hand Weapons
 a - a +3 spear (weapon)
Scrolls
 b - a scroll of teleportation
 c - a scroll of amnesia {unknown}
 d - a scroll of identify {unknown}
Potions
 f - a potion of haste {unknown}
 g - 2 potions of curing {unknown}


   Skills:
 + Level 2.1 Fighting
 * Level 4.0 Polearms
 + Level 1.7 Dodging
 - Level 1.3 Stealth
 - Level 1.0 Shields
 - Level 1.0 Spellcasting
 - Level 1.0 Fire Magic
 - Level 1.2 Poison Magic
 - Level 1.1 Evocations


You had 5 spell levels left.
You didn't know any spells.
Your spell library contained the following spells:

 Spells                   Type           Power      Damage    Failure   Level
 Pain                     Necr           0%         1d4       24%         1
 Poisonous Vapours        Pois/Air       4%         N/A       28%         2
 Static Discharge         Conj/Air       0%         N/A       36%         2
 Agony                    Necr           0%         N/A       100%        5
 Excruciating Wounds      Necr           0%         N/A       100%        5


Dungeon Overview and Level Annotations

Branches:
Dungeon (3/15)

Altars:
Yredelemnul

Annotations:
D:2 Robin
D:3 Ijyb


Innate Abilities, Weirdness & Mutations

You cannot wear most types of armour.
You are amphibious.
You can wear up to eight rings at the same time.
Your skin changes colour to match your surroundings (Stealth+).
Your rubbery body absorbs attacks. (AC +1, EV +1)
((You are camouflaged near water. (Stealth+)))
You have tentacles for arms and can constrict up to eight enemies at once.


Message History

You reach to attack!
You barely miss the adder. You hit the adder. Your grab misses the adder.
The adder is moderately wounded.
The adder bites you.
You are poisoned.
The adder poisons you!
You puncture the adder! You grab the adder. You squeeze the adder.
You kill the adder!
Yredelemnul accepts your kill.
You feel sick.
Your Polearms skill increases to level 4!
No target in view!
No target in view!
You feel sick.
Things that are here:
an adder corpse; an adder corpse You feel sick.
Unknown command.
You feel sick.
You are no longer poisoned.
c - a scroll labelled CYAX GACSIEPSE
Found a scroll labelled TATHRO OMNOA.
A kobold and an ogre come into view.
The ogre shouts!
You hear a shout!
An orc priest comes into view. It is wielding a +0 flail.
The orc priest shouts!
You see here a scroll labelled TATHRO OMNOA.
Ijyb the Twisted Goblin comes into view.
She is wielding a +2 spectral club and carrying a wand of iceblast (5).
The orc priest invokes the aid of Beogh against you.
Pain shoots through your body!
An orc comes into view. It is wielding a +0 short sword.
You see here a scroll labelled TATHRO OMNOA.
d - a scroll labelled TATHRO OMNOA A hobgoblin comes into view.
The kobold shouts!
An orc comes into view. It is wielding a +0 club.
The ogre hits you with a +0 giant club!
Ouch! That really hurt!
You die...
Your body rises from the dead as a mindless zombie.

#..,,..##....,,,,,>,,,,,**,,,,***
#.#**#.#..#*....#......o##***,***
#.####...#*#....#.....g...* *,*,,
.......#***.....#g.o..K...***,*,,
.......# *#...............,,,,,,,
......####.....*#..o....#.,,,,,,,
......###...#***#.....#...,,,,,,,
......#...#######O........,,,,,,,
.......†........@.........,,,,,,,
......###.#########...###.,,,,,,,
......#...# *#### *,,,,,,,,
.....##.### *,,,,,,,, ...<.##.*
*********
.......,*********************,,,,
#....##*,,,,,,,,,,,,,,,,,,,,,,***
###...,,,,***************,,****
*##****,,,,,,,,,,,,,,<,,**


You could see an ogre, Ijyb (wandering), an orc priest, 2 orcs, a hobgoblin
(wandering) and a kobold.

Vanquished Creatures
  Jessica (D:2)
  2 adders (D:3)
  2 ball pythons (D:1)
  4 giant cockroaches (D:1)
  7 goblins
  2 hobgoblins (D:2)
  A bat (D:1)
  A frilled lizard (D:2)
  4 kobolds (D:1)
  3 rats
27 creatures vanquished.

Notes
Turn   | Place    | Note
-------+----------+-------------------------------------------
     0 | D:1      | omnomnOMINOUS the Octopode Wanderer began the quest for the
                  | Orb.
     0 | D:1      | omnomnOMINOUS set off with the following items: a +2 spear,
                  | a scroll of teleportation; and the following spells
                  | available to memorise: Poisonous Vapours, Static Discharge
     0 | D:1      | Reached XP level 1. HP: 13/13 MP: 2/2
   190 | D:1      | Found a faded altar of an unknown god.
   204 | D:1      | Became a worshipper of Yredelemnul the Dark
   204 | D:1      | Reached * piety under Yredelemnul
   309 | D:1      | Reached XP level 2. HP: 15/18 MP: 3/3
   778 | D:1      | Reached skill level 1 in Dodging
  1031 | D:2      | Noticed Jessica
  1037 | D:2      | Killed Jessica
  1038 | D:2      | Reached XP level 3. HP: 20/24 MP: 4/4
  1041 | D:2      | Noticed Robin
  1317 | D:3      | Reached XP level 4. HP: 29/29 MP: 5/5
  1320 | D:3      | Reached skill level 4 in Polearms
  1330 | D:3      | Noticed an ogre
  1332 | D:3      | Noticed Ijyb
  1335 | D:3      | Slain by an ogre

Illustrated notes

Levels and vault maps discovered:
D:1:      saegor_arrival_miasma, layout_loops_corners, basic_ecumenical_altar,
          serial_forest, infiniplex_forest_lined_3, infiniplex_forest_corner_1,
          infiniplex_forest_fountain, infiniplex_forest_clump_tiny,
          infiniplex_forest_end_2, chequers_decorated_corner,
          minmay_crystal_water
D:2:      layout_basic, uniq_jessica, uniq_terence, uniq_robin, uniq_sigmund
D:3:      layout_rooms, gup_sewer_entry_spiral, kennysheep_generic_room_6,
          uniq_ijyb

Skill      XL: |  1  2  3  4 |
---------------+-------------+-----
Dodging        | 1 |  1.7
Fighting       | 2 |  2.1
Polearms       | 4 |  4.0
Stealth        | |  1.3
Shields        | |  1.0
Spellcasting   | |  1.0
Fire Magic     | |  1.0
Poison Magic   | |  1.2
Evocations     | |  1.1

Action                   |  1- 3 |  4- 6 || total
-------------------------+-------+-------++-------
Melee: Spear             |    57 |     3 ||    60
       Constrict         |     9 |     1 ||    10
       Tentacles         |     2 |     1 ||     3
  Use: Scroll            |     3 |       ||     3
 Stab: Sleeping          |     8 |       ||     8
Armor: Skin              |     1 |       ||     1
Dodge: Dodged            |    27 |       ||    27

Table legend: (Time is in decaauts)
 A = Elapsed time spent in this place.
 B = Non-inter-level travel time spent in this place.
 C = Inter-level travel time spent in this place.
 D = Time resting spent in this place.
 E = Time spent auto-exploring this place.
 F = Levels seen in this place.
 G = Mean time per level.
                   A        B        C        D        E       F      G
               +--------+--------+--------+--------+--------+-----+--------+
         Total |   1330 |   1313 |     17 |    223 |    901 |   3 |  443.3 |
       Dungeon |   1330 |   1313 |     17 |    223 |    901 |   3 |  443.3 |
               +--------+--------+--------+--------+--------+-----+--------+

Top non-repeatable levels by time:
     D:1: 884 daAuts
     D:3: 274 daAuts
     D:2: 172 daAuts
